CAL (WIN)
BREVARD COUNTY MANATEES @ LAKELAND FLYING TIGERS
12/10/2048
 
TOP OF THE 1ST
Brevard County Manatees batting - Pitching for Lakeland Flying Tigers : LHP Jesse Turner
Pitching: LHP Jesse Turner
Batting: RHB Jose Cerritos 0-0: Ball
1-0: Swinging Strike
1-1: Foul Ball, location: 2F
1-2: Fly out, F8 (Flyball, 8LD, EV 95.0 MPH)
Batting: RHB Tony Beaumond 0-0: Foul Ball, location: 2F
0-1: Foul Ball, location: 2F
0-2: Foul Ball, location: 2F
0-2: Strikes out swinging
Batting: RHB Ryan Miller 0-0: Called Strike
0-1: Ball
1-1: Ball
2-1: Ball
3-1: TRIPLE (Flyball, 8LXD, EV 108.1 MPH)
Batting: RHB Alfredo Sena 0-0: Called Strike
0-1: Ball
1-1: Ball
2-1: Ball
3-1: Fly out, F8 (Flyball, 8RS, EV 83.1 MPH)
Top of the 1st over - 0 runs, 1 hit, 0 errors, 1 left on base; Brevard County 0 - Lakeland 0
BOTTOM OF THE 1ST
Lakeland Flying Tigers batting - Pitching for Brevard County Manatees : RHP Heraclio Sosa
Pitching: RHP Heraclio Sosa
Batting: RHB Janne Vihko 0-0: Ball
1-0: Called Strike
1-1: Ground out 5-3 (Groundball, 56S, EV 91.9 MPH)
Batting: RHB Norm Wood 0-0: Ball
1-0: DOUBLE (Line Drive, 78D, EV 100.0 MPH)
Batting: LHB George Moran 0-0: Ground out 4-3 (Groundball, 4MD, EV 89.4 MPH)
Norm Wood to third
Batting: RHB Juan Acero 0-0: Ball
1-0: Ball
2-0: Ball
3-0: Foul Ball, location: 2F
3-1: Base on Balls
Batting: RHB Tanner Purchase 0-0: Fly out, F3 (Popup, 3F, EV 64.4 MPH)
Bottom of the 1st over - 0 runs, 1 hit, 0 errors, 2 left on base; Brevard County 0 - Lakeland 0
TOP OF THE 2ND
Brevard County Manatees batting - Pitching for Lakeland Flying Tigers : LHP Jesse Turner
Batting: LHB Tony Hasbun 0-0: Swinging Strike
0-1: Hit by Pitch
Batting: RHB Curtis Montgomery 0-0: Ball
1-0: Ball
2-0: Foul Ball, location: 2F
2-1: Ball
3-1: Base on Balls
Tony Hasbun to second
Batting: LHB Mark Backstrom 0-0: Ball
1-0: Called Strike
1-1: Ball
2-1: Ball
3-1: SINGLE (Line Drive, 8LS, EV 91.9 MPH)
Tony Hasbun to third
Curtis Montgomery to second
Batting: RHB Chris Maul 0-0: Called Strike
0-1: Foul Ball, location: 2F
0-2: Ball
1-2: Fly out, F7 (Line Drive, 78M, EV 105.0 MPH)
Runner from 3rd tags up, SCORES, no throw by LF
Batting: LHB Bill Kovac 0-0: Ball
1-0: Ball
2-0: Fly out, F7 (Flyball, 7S, EV 75.0 MPH)
Batting: RHB Jose Cerritos 0-0: Foul Ball, location: 2F
0-1: Foul Ball, location: 2F
0-2: Strikes out swinging
Top of the 2nd over - 1 run, 1 hit, 0 errors, 2 left on base; Brevard County 1 - Lakeland 0
BOTTOM OF THE 2ND
Lakeland Flying Tigers batting - Pitching for Brevard County Manatees : RHP Heraclio Sosa
Batting: RHB Brandon Everett 0-0: Ball
1-0: Foul Ball, location: 2F
1-1: Called Strike
1-2: Foul Ball, location: 2F
1-2: Ground out 5-3 (Groundball, 56, EV 100.0 MPH)
Batting: RHB Willie Ochoa 0-0: Called Strike
0-1: Ball
1-1: Called Strike
1-2: Ball
2-2: SINGLE (Groundball, 6D, EV 108.8 MPH)
Batting: RHB Mike Sebastian 0-0: Ball
1-0: Called Strike
1-1: Fly out, F8 (Flyball, 8LD, EV 98.8 MPH)
Batting: RHB Jordan Hall 0-0: Ball
1-0: Swinging Strike
1-1: Ball
2-1: Foul Ball, location: 2F
2-2: Ball
3-2: Base on Balls
Willie Ochoa to second
Batting: RHB Janne Vihko 0-0: SINGLE (Groundball, 4M, EV 101.2 MPH) (infield hit)
Willie Ochoa to third
Jordan Hall to second
Batting: RHB Norm Wood 0-0: Ball
1-0: Fly out, F8 (Line Drive, 8LD, EV 91.2 MPH)
Bottom of the 2nd over - 0 runs, 2 hits, 0 errors, 3 left on base; Brevard County 1 - Lakeland 0
TOP OF THE 3RD
Brevard County Manatees batting - Pitching for Lakeland Flying Tigers : LHP Jesse Turner
Batting: RHB Tony Beaumond 0-0: Called Strike
0-1: Ball
1-1: Ball
2-1: Reached on error, E4 (Groundball, P, EV 85.6 MPH)
Batting: RHB Ryan Miller 0-0: TRIPLE (Line Drive, 8LXD, EV 106.9 MPH)
Tony Beaumond scores
Batting: RHB Alfredo Sena 0-0: Ball
1-0: Called Strike
1-1: Ball
2-1: Ball
Wild Pitch!
Ryan Miller scores
3-1: Ground out 6-3 (Groundball, 6, EV 81.9 MPH)
Batting: LHB Tony Hasbun 0-0: Called Strike
0-1: Ball
1-1: Called Strike
1-2: Strikes out swinging
Batting: RHB Curtis Montgomery 0-0: Ball
1-0: Called Strike
1-1: Ball
2-1: Swinging Strike
2-2: Foul Ball, location: 2F
2-2: Strikes out swinging
Top of the 3rd over - 2 runs, 1 hit, 1 error, 0 left on base; Brevard County 3 - Lakeland 0
BOTTOM OF THE 3RD
Lakeland Flying Tigers batting - Pitching for Brevard County Manatees : RHP Heraclio Sosa
Batting: LHB George Moran 0-0: Ball
1-0: Ball
2-0: Fly out, F9 (Flyball, 9D, EV 86.9 MPH)
Batting: RHB Juan Acero 0-0: Ball
1-0: Ball
2-0: Ball
3-0: Called Strike
3-1: Base on Balls
Batting: RHB Tanner Purchase 0-0: Swinging Strike
0-1: Fly out, F8 (Flyball, 8RD, EV 92.5 MPH)
Batting: RHB Brandon Everett 0-0: Swinging Strike
0-1: Ball
1-1: Foul Ball, location: 2F
1-2: Foul Ball, location: 2F
1-2: Strikes out swinging
Bottom of the 3rd over - 0 runs, 0 hits, 0 errors, 1 left on base; Brevard County 3 - Lakeland 0
TOP OF THE 4TH
Brevard County Manatees batting - Pitching for Lakeland Flying Tigers : LHP Jesse Turner
Batting: LHB Mark Backstrom 0-0: SINGLE (Groundball, 6MS, EV 61.2 MPH) (infield hit)
Batting: RHB Chris Maul 0-0: Foul Ball, location: 2F
0-1: Swinging Strike
0-2: Ball
1-2: Grounds into double play, 5-4-3 (Groundball, 5, EV 91.2 MPH)
Batting: LHB Bill Kovac 0-0: SINGLE (Groundball, 34S, EV 81.2 MPH) (infield hit)
Batting: RHB Jose Cerritos 0-0: Fielders Choice at 2nd, 6-4 (Groundball, 6, EV 87.5 MPH)
Top of the 4th over - 0 runs, 2 hits, 0 errors, 1 left on base; Brevard County 3 - Lakeland 0
BOTTOM OF THE 4TH
Lakeland Flying Tigers batting - Pitching for Brevard County Manatees : RHP Heraclio Sosa
Batting: RHB Willie Ochoa 0-0: Ball
1-0: Foul Ball, location: 2F
1-1: Swinging Strike
1-2: Ball
2-2: Ball
3-2: Strikes out swinging
Batting: RHB Mike Sebastian 0-0: Called Strike
0-1: Foul Ball, location: 2F
0-2: Foul Ball, location: 2F
0-2: Strikes out swinging
Batting: RHB Jordan Hall 0-0: Ball
1-0: Ball
2-0: Ball
3-0: Called Strike
3-1: Foul Ball, location: 2F
3-2: Foul Ball, location: 2F
3-2: Foul Ball, location: 2F
3-2: Reached on error, E1 (Groundball, 15S, EV 66.9 MPH)
Batting: RHB Janne Vihko 0-0: Called Strike
0-1: Ball
1-1: SINGLE (Line Drive, 4MD, EV 106.2 MPH)
Jordan Hall to third
Batting: RHB Norm Wood 0-0: Called Strike
0-1: Ball
1-1: Foul Ball, location: 2F
1-2: Ball
2-2: Strikes out swinging
Bottom of the 4th over - 0 runs, 1 hit, 1 error, 2 left on base; Brevard County 3 - Lakeland 0
TOP OF THE 5TH
Brevard County Manatees batting - Pitching for Lakeland Flying Tigers : LHP Jesse Turner
Batting: RHB Tony Beaumond 0-0: Ball
1-0: Called Strike
1-1: Ball
2-1: Foul Ball, location: 2F
2-2: Strikes out looking
Batting: RHB Ryan Miller 0-0: Ball
1-0: Called Strike
1-1: Ball
2-1: Foul Ball, location: 2F
2-2: Foul Ball, location: 2F
2-2: Strikes out swinging
Batting: RHB Alfredo Sena 0-0: Called Strike
0-1: Ball
1-1: Ball
2-1: DOUBLE (Line Drive, 7LD, EV 102.5 MPH)
Batting: LHB Tony Hasbun 0-0: Ball
1-0: Swinging Strike
1-1: Called Strike
1-2: Strikes out swinging
Top of the 5th over - 0 runs, 1 hit, 0 errors, 1 left on base; Brevard County 3 - Lakeland 0
BOTTOM OF THE 5TH
Lakeland Flying Tigers batting - Pitching for Brevard County Manatees : RHP Heraclio Sosa
Batting: LHB George Moran 0-0: SINGLE (Groundball, 4D, EV 101.9 MPH)
Batting: RHB Juan Acero 0-0: SINGLE (Groundball, 4MD, EV 106.2 MPH)
George Moran to second
Runner from 2nd tries for 3rd, SAFE, throw by CF made to third
Juan Acero to second
Batting: RHB Tanner Purchase 0-0: Called Strike
0-1: Ball
1-1: Ball
Wild Pitch!
George Moran scores
Juan Acero to third
2-1: Foul Ball, location: 2F
2-2: Foul Ball, location: 2F
2-2: Ball
3-2: Reached on error, E5 (Groundball, 5, EV 91.2 MPH)
Juan Acero scores
Pitching: RHP Dave Mata
Batting: RHB Brandon Everett 0-0: Ball
1-0: Foul Ball, location: 2F
1-1: Called Strike
1-2: Ball
2-2: Foul Ball, location: 2F
2-2: DOUBLE (Line Drive, 7LM, EV 113.8 MPH)
Tanner Purchase to third
Batting: RHB Willie Ochoa 0-0: Called Strike
0-1: Called Strike
0-2: Ball
1-2: Strikes out looking
Batting: RHB Mike Sebastian 0-0: Foul Ball, location: 2F
0-1: Fly out, F8 (Flyball, 8RM, EV 90.0 MPH)
Runner from 3rd tags up, SCORES, no throw by CF
Batting: RHB Jordan Hall 0-0: Ground out 5-3 (Groundball, 56S, EV 79.4 MPH)
Bottom of the 5th over - 3 runs, 3 hits, 1 error, 1 left on base; Brevard County 3 - Lakeland 3
TOP OF THE 6TH
Brevard County Manatees batting - Pitching for Lakeland Flying Tigers : LHP Jesse Turner
Batting: RHB Curtis Montgomery 0-0: Foul Ball, location: 2F
0-1: Foul Ball, location: 2F
0-2: Strikes out swinging
Batting: LHB Mark Backstrom 0-0: Called Strike
0-1: Ball
1-1: Swinging Strike
1-2: Strikes out swinging
Batting: RHB Chris Maul 0-0: Ball
1-0: DOUBLE (Flyball, 8LD, EV 103.8 MPH)
Pitching: RHP Eddie Hodgson
Batting: LHB Bill Kovac 0-0: Foul Ball, location: 2F
0-1: Called Strike
0-2: Ball
1-2: Foul Ball, location: 2F
1-2: Ball
2-2: Ball
3-2: Foul Ball, location: 2F
3-2: Strikes out swinging
Top of the 6th over - 0 runs, 1 hit, 0 errors, 1 left on base; Brevard County 3 - Lakeland 3
BOTTOM OF THE 6TH
Lakeland Flying Tigers batting - Pitching for Brevard County Manatees : RHP Dave Mata
Batting: RHB Janne Vihko 0-0: Fly out, F7 (Flyball, 7LM, EV 95.6 MPH)
Batting: RHB Norm Wood 0-0: Ball
1-0: Ball
2-0: Ball
3-0: Base on Balls
Batting: LHB George Moran 0-0: Fly out, F7 (Flyball, 7, EV 84.4 MPH)
Batting: RHB Juan Acero 0-0: Called Strike
0-1: Foul Ball, location: 2F
0-2: Foul Ball, location: 2F
0-2: Ball
1-2: Fly out, F7 (Flyball, 7, EV 75.0 MPH)
Bottom of the 6th over - 0 runs, 0 hits, 0 errors, 1 left on base; Brevard County 3 - Lakeland 3
TOP OF THE 7TH
Brevard County Manatees batting - Pitching for Lakeland Flying Tigers : RHP Eddie Hodgson
Batting: RHB Jose Cerritos 0-0: Ball
1-0: Ball
2-0: Ball
3-0: Base on Balls
Pinch Hitting: LHB Tyler Francis 0-0: Called Strike
0-1: Ground out U3 (Groundball, 3S, EV 65.0 MPH)
Jose Cerritos to second
Batting: RHB Ryan Miller 0-0: Called Strike
0-1: Ball
1-1: Swinging Strike
1-2: Strikes out swinging
Batting: RHB Alfredo Sena 0-0: Intentional Walk
Batting: LHB Tony Hasbun 0-0: Called Strike
0-1: Ball
1-1: Ball
2-1: Ball
3-1: Swinging Strike
3-2: Base on Balls
Jose Cerritos to third
Alfredo Sena to second
Batting: RHB Curtis Montgomery 0-0: Called Strike
0-1: Ball
1-1: Swinging Strike
1-2: Ball
2-2: Foul Ball, location: 2F
2-2: Foul Ball, location: 2F
2-2: Ball
3-2: Strikes out swinging
Top of the 7th over - 0 runs, 0 hits, 0 errors, 3 left on base; Brevard County 3 - Lakeland 3
BOTTOM OF THE 7TH
Lakeland Flying Tigers batting - Pitching for Brevard County Manatees : RHP Dave Mata
Now at 3B: Jonathan Sarles
Batting: RHB Tanner Purchase 0-0: Called Strike
0-1: DOUBLE (Line Drive, 89M, EV 105.0 MPH)
Batting: RHB Brandon Everett 0-0: Ground out 6-3 (Groundball, 6, EV 83.1 MPH)
Tanner Purchase to third
Batting: RHB Willie Ochoa 0-0: Called Strike
0-1: Foul Ball, location: 2F
0-2: Ball
1-2: Ball
2-2: Ball
3-2: Strikes out swinging
Batting: RHB Mike Sebastian 0-0: Called Strike
0-1: Ball
1-1: Swinging Strike
1-2: Foul Ball, location: 2F
1-2: Strikes out looking
Bottom of the 7th over - 0 runs, 1 hit, 0 errors, 1 left on base; Brevard County 3 - Lakeland 3
TOP OF THE 8TH
Brevard County Manatees batting - Pitching for Lakeland Flying Tigers : RHP Eddie Hodgson
Pitching: LHP Pete Zamarron
Pinch Hitting: RHB Wiliama Dana 0-0: Foul Ball, location: 2F
0-1: Ball
1-1: Ball
2-1: Swinging Strike
2-2: Strikes out looking
Batting: RHB Chris Maul 0-0: Foul Ball, location: 2F
0-1: SINGLE (Groundball, 5S, EV 71.9 MPH) (infield hit)
Batting: LHB Bill Kovac 0-0: Ball
1-0: Called Strike
Chris Maul steals 2nd base
1-1: Swinging Strike
1-2: Foul Ball, location: 2F
1-2: Strikes out swinging
Batting: RHB Jose Cerritos 0-0: Called Strike
0-1: Called Strike
0-2: Foul Ball, location: 2F
0-2: Ball
1-2: Ball
2-2: Strikes out swinging
Top of the 8th over - 0 runs, 1 hit, 0 errors, 1 left on base; Brevard County 3 - Lakeland 3
BOTTOM OF THE 8TH
Lakeland Flying Tigers batting - Pitching for Brevard County Manatees : RHP Dave Mata
Now in RF: Michael Dickerson
Pinch Hitting: SHB Sean Foley 0-0: Ball
1-0: Ground out 6-3 (Groundball, 6, EV 106.2 MPH)
Batting: RHB Janne Vihko 0-0: Fly out, F8 (Flyball, 8LXD, EV 100.0 MPH)
Batting: RHB Norm Wood 0-0: Ground out 5-3 (Groundball, 56, EV 98.1 MPH)
Bottom of the 8th over - 0 runs, 0 hits, 0 errors, 0 left on base; Brevard County 3 - Lakeland 3
TOP OF THE 9TH
Brevard County Manatees batting - Pitching for Lakeland Flying Tigers : LHP Pete Zamarron
Now at 2B: Sean Foley
Now at 3B: Norm Wood
Now at SS: Mike Sebastian
Batting: RHB Jonathan Sarles 0-0: Ball
1-0: Foul Ball, location: 2F
1-1: Ball
2-1: Ball
3-1: SINGLE (Groundball, 34D, EV 98.8 MPH)
Batting: RHB Ryan Miller 0-0: SINGLE (Groundball, 4MD, EV 102.5 MPH)
Jonathan Sarles to second
Batting: RHB Alfredo Sena 0-0: Called Strike
0-1: Ball
1-1: Swinging Strike
1-2: Strikes out swinging
Pinch Hitting: RHB Tristan Smeets 0-0: Called Strike
0-1: SINGLE (Groundball, 6MD, EV 95.6 MPH)
Jonathan Sarles to third
Ryan Miller to second
Runner from 3rd tries for Home, throw by CF and OUT! 8-2
Ryan Miller to third
Tristan Smeets to second
Batting: RHB Curtis Montgomery 0-0: Called Strike
0-1: Ball
1-1: Ball
2-1: TRIPLE (Line Drive, 89XD, EV 103.8 MPH)
Ryan Miller scores
Tristan Smeets scores
Batting: RHB Michael Dickerson 0-0: Called Strike
0-1: Swinging Strike
0-2: Ball
1-2: Ball
2-2: Ball
3-2: Foul Ball, location: 2F
3-2: Foul Ball, location: 2F
3-2: Base on Balls
Pitching: RHP Juan Cornejo
Batting: RHB Chris Maul 0-0: Called Strike
0-1: Ball
1-1: Foul Ball, location: 2F
1-2: Strikes out looking
Top of the 9th over - 2 runs, 4 hits, 0 errors, 2 left on base; Brevard County 5 - Lakeland 3
BOTTOM OF THE 9TH
Lakeland Flying Tigers batting - Pitching for Brevard County Manatees : RHP Dave Mata
Pitching: RHP Alejandro Souto
Now at SS: Kelan Rae
Batting: LHB George Moran 0-0: Ball
1-0: Foul Ball, location: 2F
1-1: Foul Ball, location: 2F
1-2: Foul Ball, location: 2F
1-2: Strikes out looking
Batting: RHB Juan Acero 0-0: Ball
1-0: Ball
2-0: Fly out, F8 (Flyball, 8LS, EV 85.0 MPH)
Batting: RHB Tanner Purchase 0-0: Foul Ball, location: 2F
0-1: Ground out 6-3 (Groundball, 6, EV 83.8 MPH)
Bottom of the 9th over - 0 runs, 0 hits, 0 errors, 0 left on base; Brevard County 5 - Lakeland 3
Tuesday, March 28th , 2023 - OOTP Baseball 23.10 Build 110